 Dungeon Crawl Stone Soup version 0.21.0-3-g78d12a8 (webtiles) character file.

14700 Coron the Protected (level 11, -16/108 HPs)
             Began as a Deep Dwarf Gladiator on Jan 17, 2018.
             Was an Elder of Makhleb.
             Demolished by a large slime creature (25 damage)
             ... on level 11 of the Dungeon.
             The game lasted 00:45:00 (8948 turns).

Coron the Protected (Deep Dwarf Gladiator)          Turns: 8948, Time: 00:45:00

Health: -16/108    AC: 20    Str: 20      XL:     11   Next: 92%
Magic:  12/12      EV:  8    Int: 12      God:    Makhleb [****..]
Gold:   643        SH:  8    Dex: 13 (14) Spells: 10/10 levels left

rFire    + + .     SeeInvis .   r - +2 hand axe (chop)
rCold    . . .     Gourm    .   L - +0 buckler
rNeg     . . .     Faith    .   g - +2 plate armour {rF+}
rPois    .         Spirit   .   c - +0 helmet
rElec    .         Reflect  +   I - scarf {cloud immunity}
rCorr    .         Harm     .   h - +0 pair of gloves
MR       +....                  (no boots)
Stlth    ..........             u - +2 amulet of reflection
HPRegen  0.00/turn              z - ring of protection from fire
MPRegen  0.13/turn              B - +2 ring of intelligence

@: non-regenerating
A: damage resistance, heal wounds, sense surroundings 2, no regeneration
a: Heal Wounds, Minor Destruction, Lesser Servant of Makhleb, Major Destruction,
Renounce Religion


You were on level 11 of the Dungeon.
You worshipped Makhleb.
Makhleb was greatly pleased with you.
You were not hungry.

You visited 2 branches of the dungeon, and saw 12 of its levels.
You also visited: Ossuary.

You collected 643 gold pieces.

Inventory:

Hand Weapons
 a - a +0 war axe
 r - a +2 hand axe of chopping (weapon)
Missiles
 l - 231 stones (quivered)
 w - 2 throwing nets
 F - 10 tomahawks
Armour
 c - a +0 helmet (worn)
 g - a +2 plate armour of fire resistance (worn)
 h - a +0 pair of gloves (worn)
 I - a scarf of cloud immunity (worn)
 K - a +0 shield
 L - a +0 buckler (worn)
Jewellery
 u - a +2 amulet of reflection (around neck)
 y - the ring "Cekiul" {+Inv rPois rC+ AC-6}
   (You found it on level 8 of the Dungeon)

   [ring of protection]

   It affects your AC (-6).
   It protects you from cold.
   It protects you from poison.
   It lets you turn invisible.
 z - a ring of protection from fire (left hand)
 A - an uncursed ring of stealth
 B - a +2 ring of intelligence (right hand)
 G - an uncursed amulet of guardian spirit
Wands
 d - a wand of flame (33)
 m - a wand of disintegration (4)
 J - a wand of acid (7)
Scrolls
 e - 4 scrolls of enchant weapon
 i - 2 scrolls of remove curse
 j - a scroll of magic mapping
 k - 3 scrolls of fear
 q - 5 scrolls of teleportation
 t - a scroll of amnesia
 E - a scroll of vulnerability {unknown}
Potions
 b - 2 potions of might
 n - 2 potions of cancellation
 o - a potion of mutation {unknown}
 p - a potion of degeneration {unknown}
 s - a potion of resistance {unknown}
 x - 3 potions of flight
Books
 C - a book of Callings

   Spells                             Type                      Level
   a - Summon Small Mammal            Summoning                    1
   b - Call Imp                       Summoning                    2
   c - Call Canine Familiar           Summoning                    3
   d - Summon Guardian Golem          Hexes/Summoning              3
   e - Summon Lightning Spire         Summoning/Air                4
   f - Summon Ice Beast               Ice/Summoning                4
 D - a book of Frost

   Spells                             Type                      Level
   a - Freeze                         Ice                          1
   b - Throw Frost                    Conjuration/Ice              2
   c - Ozocubu's Armour               Charms/Ice                   3
   d - Throw Icicle                   Conjuration/Ice              4
   e - Summon Ice Beast               Ice/Summoning                4
 H - a Young Poisoner's Handbook

   Spells                             Type                      Level
   a - Sting                          Conjuration/Poison           1
   b - Poisonous Vapours              Poison/Air                   2
   c - Mephitic Cloud                 Conjuration/Poison/Air       3
   d - Olgreb's Toxic Radiance        Poison                       4
   e - Venom Bolt                     Conjuration/Poison           5
Comestibles
 f - 24 rations


   Skills:
 - Level 10.0 Fighting
 - Level 9.0 Axes
 - Level 2.0 Throwing
 - Level 12.0 Armour
 - Level 3.4 Dodging
 + Level 7.2 Shields
 - Level 8.0 Evocations


You had 10 spell levels left.
You didn't know any spells.

Dungeon Overview and Level Annotations

Branches:
Dungeon (11/15)            Temple (1/1) D:6            Lair (0/6) D:8
    Orc: D:9-12

Altars:
Ashenzari
Cheibriados
Dithmenos
Elyvilon
Fedhas
Gozag
Hepliaklqana
Kikubaaqudgha
Makhleb
Nemelex Xobeh
Okawaru
Qazlal
Ru
Sif Muna
Trog
Uskayaw
Vehumet
Wu Jian
Xom
Yredelemnul
Zin
The Shining One


Innate Abilities, Weirdness & Mutations

You are resistant to damage.
You can heal yourself by infusing magical energy.
You passively map the area around you.
You do not regenerate.


Message History

You hit the slime creature. You slash the large slime creature!
The large slime creature is moderately wounded.
You barely miss the slime creature.
The large slime creature barely misses you.
The slime creature closely misses you.
You hit the large slime creature.
The large slime creature is moderately wounded.
You hit the slime creature but do no damage.
The large slime creature hits you!
The slime creature hits you but does no damage.
You slash the large slime creature!
The large slime creature is moderately wounded.
You hit the slime creature. You block the slime creature's attack.
The large slime creature hits you!!
* * * LOW HITPOINT WARNING * * *
You hit the large slime creature.
The large slime creature is heavily wounded.
You slash the slime creature! The large slime creature hits you!!
You die...

......., * #....... ,
s.[.. * #....... , ... ,,
* #....... #.#* #######'##
#####.# #.......# #.J.s.#
###'######## ##'########
#..<........ #......sJJ#
#........... #.#######@#
#...........
#.#.....#.#####...........
#.#.###.#.##..'...........
#.#...#.#.#..##...........
#.###.#####.###.[.........
#...#.....'.# #.....>.....
#.#######.### #...........
#.........# #...........
######'#### ##########'#


You could see a large slime creature, a slime creature and a scorpion.

Vanquished Creatures
  4 two-headed ogres
  A centaur warrior (D:10)
  A queen ant (D:8)
  A centaur skeleton (D:10)
  2 trolls
  2 hippogriffs
  A wyvern (D:11)
  Sigmund (D:5)
  4 hogs (D:7)
  Eustachio (D:4)
  3 yaks (D:10)
  A human (D:7)
  2 basilisks (D:8)
  Edmund (D:5)
  Menkaure (D:4)
  A hungry ghost (D:7)
  3 soldier ants (D:8)
  2 water moccasins
  2 porcupines (D:8)
  4 black bears
  2 sky beasts
  3 orc warriors
  2 phantoms
  6 ice beasts
  An eye of draining (D:8)
  3 wolves
  7 ogres
  9 centaurs
  2 crocodiles
  A big kobold (D:10)
  3 elf zombies (Ossuary)
  3 bullfrogs
  A wyvern skeleton (D:10)
  2 scorpions
  7 killer bees
  4 wights (D:10)
  A howler monkey (D:9)
  4 crimson imps
  4 bullfrog zombies
  3 human zombies (Ossuary)
  2 quasits
  A gnoll shaman (D:5)
  9 orc priests
  6 hounds
  3 jellies
  3 iguanas
  Jessica (D:2)
  Terence (D:3)
  Natasha (thrice) (D:4)
  12 orc wizards
  26 worker ants
  4 mummies (Ossuary)
  A worker ant zombie (D:6)
  11 adders
  7 gnolls
  3 howler monkey skeletons
  2 shadow imps
  An ooze (D:5)
  An adder zombie (D:8)
  3 worms
  3 dart slugs
  3 leopard geckos
  49 orcs
  8 bats
  8 giant cockroaches
  6 goblins
  4 hobgoblins
  10 jackals
  4 quokkas
  2 ball pythons
  8 frilled lizards
  A goblin zombie (Ossuary)
  2 jackal zombies
  8 kobolds
  2 kobold zombies (Ossuary)
  2 orc zombies (Ossuary)
  11 rats
  A plant (D:8)
338 creatures vanquished.

Notes
Turn   | Place    | Note
-------+----------+-------------------------------------------
     0 | D:1      | Coron the Deep Dwarf Gladiator began the quest for the Orb.
     0 | D:1      | Reached XP level 1. HP: 19/19 MP: 1/1
    80 | D:1      | Reached XP level 2. HP: 26/26 MP: 2/2
   336 | D:1      | Reached skill level 1 in Armour
   638 | D:1      | Reached XP level 3. HP: 24/32 MP: 3/3
  1096 | D:2      | Reached skill level 2 in Armour
  1132 | D:2      | Noticed Jessica
  1136 | D:2      | Killed Jessica
  1136 | D:2      | Reached XP level 4. HP: 30/40 MP: 4/4
  1569 | D:3      | Reached skill level 3 in Armour
  1639 | D:3      | Noticed Terence
  1670 | D:3      | Killed Terence
  1670 | D:3      | Reached XP level 5. HP: 40/49 MP: 4/4
  1709 | D:3      | Reached skill level 4 in Armour
  1974 | D:4      | Noticed Natasha
  1977 | D:4      | Killed Natasha
  1977 | D:4      | Reached skill level 5 in Armour
  2073 | D:4      | Reached XP level 6. HP: 30/56 MP: 5/5
  2120 | D:4      | Noticed Natasha
  2130 | D:4      | Killed Natasha
  2230 | D:4      | Noticed Menkaure
  2240 | D:4      | Killed Menkaure
  2299 | D:4      | Noticed Natasha
  2306 | D:4      | Killed Natasha
  2343 | D:4      | Reached XP level 7. HP: 61/63 MP: 5/5
  2405 | D:4      | Noticed Eustachio
  2417 | D:4      | Killed Eustachio
  2417 | D:4      | Reached skill level 5 in Axes
  2985 | D:5      | Entered Level 5 of the Dungeon
  3067 | D:5      | Reached skill level 6 in Armour
  3179 | D:5      | Noticed Sigmund
  3264 | D:5      | Noticed Edmund
  3285 | D:5      | Killed Edmund
  3285 | D:5      | Reached XP level 8. HP: 28/73 MP: 8/8
  3342 | D:5      | Reached skill level 5 in Fighting
  3574 | D:5      | Reached skill level 5 in Evocations
  3683 | D:5      | Killed Sigmund
  3786 | D:6      | Found a sand-covered staircase.
  3846 | Ossuary  | Entered an ossuary
  3878 | Ossuary  | Reached skill level 7 in Armour
  3878 | Ossuary  | Gained mutation: You passively map the area around you. [Deep Dwarf growth]
  3878 | Ossuary  | Reached XP level 9. HP: 30/82 MP: 8/8
  4107 | D:6      | Found a staircase to the Ecumenical Temple.
  4124 | Temple   | Entered the Ecumenical Temple
  4229 | Temple   | Became a worshipper of Makhleb the Destroyer
  5242 | D:7      | Found a shadowy altar of Dithmenos.
  5325 | D:7      | Reached skill level 8 in Armour
  5552 | D:7      | Reached * piety under Makhleb
  5552 | D:7      | Reached skill level 9 in Armour
  5552 | D:7      | Reached XP level 10. HP: 13/96 MP: 8/8
  5791 | D:8      | Reached skill level 10 in Armour
  5884 | D:8      | Got a coiled amber ring
  5886 | D:8      | Identified the cursed ring "Cekiul" {+Inv rPois rC+ AC-6} (You found it on level 8 of the Dungeon)
  6126 | D:8      | Found a staircase to the Lair.
  6147 | D:8      | Reached ** piety under Makhleb
  6251 | D:8      | Noticed a queen ant
  6275 | D:8      | Killed a queen ant
  6275 | D:8      | Reached skill level 11 in Armour
  6380 | D:8      | Noticed a two-headed ogre
  6516 | D:8      | Killed a two-headed ogre
  6516 | D:8      | Reached XP level 11. HP: 24/106 MP: 9/9
  6950 | D:8      | Found a sparkling altar of Nemelex Xobeh.
  6974 | D:8      | Found a blossoming altar of Fedhas.
  7166 | D:9      | Found an ornate altar of the Wu Jian Council.
  7219 | D:9      | Reached *** piety under Makhleb
  7361 | D:9      | HP: 3/108 [orc warrior/battleaxe (5)]
  7501 | D:9      | Noticed a two-headed ogre
  7504 | D:9      | Killed a two-headed ogre
  7504 | D:9      | Reached skill level 1 in Shields
  7821 | D:10     | Entered Level 10 of the Dungeon
  7896 | D:10     | Noticed a two-headed ogre
  7909 | D:10     | Killed a two-headed ogre
  7909 | D:10     | Reached skill level 12 in Armour
  8008 | D:10     | Reached skill level 10 in Fighting
  8077 | D:10     | Noticed a two-headed ogre
  8101 | D:10     | Killed a two-headed ogre
  8179 | D:10     | Reached **** piety under Makhleb
  8266 | D:10     | Reached skill level 5 in Shields
  8552 | D:11     | Noticed a centaur warrior
  8561 | D:10     | Killed a centaur warrior
  8948 | D:11     | Demolished by a large slime creature

Skill      XL: |  1  2  3  4  5  6  7  8  9 10 11 |
---------------+----------------------------------+-----
Fighting       | 2 3 4 6 8 9 10 | 10.0
Throwing       | 2 |  2.0
Armour         | 1 2 3 5 6 7 9 11 12 | 12.0
Axes           | 4 6 7 8 9 |  9.0
Evocations     | 2 4 5 8 |  8.0
Shields        | 7 |  7.2
Dodging        | |  3.4

Action                   |  1- 3 |  4- 6 |  7- 9 | 10-12 || total
-------------------------+-------+-------+-------+-------++-------
Melee: War axe           |    87 |    18 |       |       ||   105
       Hand axe          |       |   147 |   385 |   640 ||  1172
Throw: Throwing net      |     1 |     7 |       |       ||     8
       Stone             |       |     1 |     1 |       ||     2
 Abil: Heal Wounds       |       |     3 |     8 |    10 ||    21
Evoke: Wand              |       |       |    32 |    22 ||    54
  Use: Scroll            |       |     7 |     8 |     4 ||    19
       Potion            |       |     1 |     2 |     5 ||     8
 Stab: Held in net/web   |       |     1 |       |       ||     1
       Sleeping          |       |     1 |       |       ||     1
  Eat: Chunk             |     1 |     4 |    10 |    14 ||    29
Armor: Leather armour    |    18 |       |       |       ||    18
       Ring mail         |     2 |    54 |    31 |       ||    87
       Chain mail        |       |       |   160 |    51 ||   211
       Plate armour      |       |       |       |   412 ||   412
Dodge: Dodged            |    62 |    90 |   175 |   269 ||   596
Block: Other             |       |    10 |    20 |    13 ||    43
       Buckler           |       |       |       |   103 ||   103
       Reflection        |       |       |       |     4 ||     4
